 Dungeon Crawl Stone Soup version 0.31-a0-214-gb37851dbb3 (webtiles) character file.

Game seed: 15454435664645877095

4 qw the Vexing (level 1, -1/12 HPs)
             Began as a Gargoyle Hexslinger on July 1, 2023.
             Slain by a kobold
             ... wielding a +0 short sword
              (2 damage)
             ... on level 1 of the Dungeon.
             The game lasted 00:00:01 (24 turns).

qw the Vexing (Gargoyle Hexslinger)                   Turns: 24, Time: 00:00:02

Health: -1/12      AC:  4    Str: 11    XL:     1   Next: 70%
Magic:  2/2        EV: 12    Int: 13    God:
Gold:   0          SH:  0    Dex: 12    Spells: 1/2 levels left

rFire   . . .        a - +1 sling
rCold   . . .        (no shield)
rNeg    + . .        c - +0 robe
rPois   inf          (no helmet)
rElec   +            (no cloak)
rCorr   .            (no gloves)
SInv    .            (no boots)
Will    .....        (no amulet)
Stlth   +            (no ring)
HPRegen 0.22/turn    (no ring)
MPRegen 0.08/turn

%: no passive effects
@: no status effects
A: sickness immunity, AC +2, negative energy resistance 1, electricity
resistance, torment resistance 1, petrification resistance
a: no special abilities


You were on level 1 of the Dungeon.
You visited 1 branch of the dungeon, and saw 1 of its levels.


Innate Abilities, Weirdness & Mutations

You are immune to sickness and miasma.
Your stone body is resilient. (AC +2)
You are immune to poison.
You resist negative energy. (rN+)
You are resistant to electric shocks. (rElec)
You are resistant to unholy torment.
You are immune to petrification.


   Skills:
 - Level 1.1 Fighting
 + Level 2.4 Ranged Weapons
 - Level 1.5 Dodging
 - Level 1.0 Spellcasting
 - Level 2.6 Hexes


You had one spell level left.
You knew the following spells:

 Your Spells              Type           Power      Damage    Failure   Level
a - Slow                  Hex            28%        N/A       10%         1

Your spell library contained the following spells:

 Spells                   Type           Power      Damage    Failure   Level
 Inner Flame              Hex/Fire       4%         N/A       43%         3
 Portal Projectile        Hex/Tloc       8%         N/A       43%         3
 Cause Fear               Hex            3%         N/A       67%         4

Inventory:

Hand Weapons
 a - a +1 sling (weapon)
Armour
 c - a +0 robe (worn)
Scrolls
 b - a scroll of poison

Dungeon Overview and Level Annotations

Branches:
Dungeon (1/15)

Altars:


Message History

You kill the jackal!
The bat completely misses you. The jackal barely misses you. x2
The jackal misses you.
You shoot a sling bullet. The sling bullet hits the jackal.
You kill the jackal!
The jackal bites you but does no damage.
The kobold barely misses you. The jackal bites you.
You shoot a sling bullet.
The sling bullet closely misses the kobold.
A nearby plant withers and dies.
The bat hits you but does no damage. The jackal barely misses you.
The kobold closely misses you.
You shoot a sling bullet. The sling bullet barely misses the rat.
The bat barely misses you. The jackal completely misses you.
The rat barely misses you. The kobold closely misses you.
The jackal misses you.
You shoot a sling bullet. The sling bullet barely misses the rat.
The bat hits you but does no damage. The bat barely misses you.
The jackal closely misses you. The rat barely misses you.
The kobold closely misses you. The bat closely misses you.
The jackal bites you. The rat bites you.
The kobold hits you with a +0 short sword.
You shoot a sling bullet. The sling bullet barely misses the rat.
The bat closely misses you.
The jackal bites you but does no damage.
The rat barely misses you. The kobold hits you but does no damage.
The jackal barely misses you.
You shoot a sling bullet. The sling bullet hits the rat.
You kill the rat!
The bat barely misses you. The jackal misses you. The kobold barely misses you.
The bat misses you.
You shoot a sling bullet.
The sling bullet closely misses the bat.
The bat closely misses you. The jackal bites you.
The kobold hits you with a +0 short sword.
The jackal misses you. The kobold closely misses you.
You shoot a sling bullet.
The sling bullet hits the kobold but does no damage.
The bat hits you but does no damage. The jackal closely misses you.
The jackal bites you but does no damage.
The kobold hits you with a +0 short sword.
You die...

.%..... ...... .....
.#####...##
......=...#
.#7.....b.7##
.......h....##
.......K@...7.####
...7...P.........#
...7.P...P...7.#.
...............#.###
....P.....P.........
7.....<....7..#####
.P..P.....P...7#
7...........P..#
...7.P...P.....#


You could see a jackal, a bat and a kobold.

Vanquished Creatures
  3 jackals (D:1)
  A rat (D:1)
4 creatures vanquished.

Notes
Turn   | Place    | Note
-------+----------+-------------------------------------------
     0 | D:1      | qw the Gargoyle Hexslinger began the quest for the Orb.
     0 | D:1      | Reached XP level 1. HP: 12/12 MP: 2/2
     0 | D:1      | 0 ||| qw: Version: 0.3-a-32-g5962c71
     0 | D:1      | 0 ||| qw: Game counter: 7533
     0 | D:1      | 0 ||| qw: Melee chars always use a shield: true
     0 | D:1      | 0 ||| qw: God list: Okawaru
     0 | D:1      | 0 ||| qw: Allow faded altars: false
     0 | D:1      | 0 ||| qw: Do Orc after clearing Dungeon:15 true
     0 | D:1      | 0 ||| qw: Do second Lair branch before Depths: true
     0 | D:1      | 0 ||| qw: Lair rune preference: random
     0 | D:1      | 0 ||| qw: Goals: Normal
     0 | D:1      | 0 ||| PLANNING D:1-11
    23 | D:1      | HP: 1/12 [kobold/+0 short sword (3)]
    24 | D:1      | Slain by a kobold

Levels and vault maps discovered:
D:1:      wander_arrival_fairy_ring, layout_loops_ring,
          shapermc_ecumenical_altar_acropolis, amcnicky_mini_corridor_feature,
          minmay_misc_feat_encased, minmay_tall_x

Action                     || total
---------------------------++-------
   Fire: Sling             ||    15
 Armour: Robe              ||    10
  Dodge: Dodged            ||    36

Table legend:
 A = Non-vault XP
 B = Vault XP
 C = Vault XP percentage of total XP
 D = Non-vault monster count
 E = Vault monster count
 F = Vault count percentage of total count
                 A         B        C        D         E       F
            +---------+---------+-------+---------+---------+-------
      Total |       7 |       0 |   0.0 |       4 |       0 |   0.0
            +---------+---------+-------+---------+---------+-------
        D:1 |       7 |       0 |   0.0 |       4 |       0 |   0.0
            +---------+---------+-------+---------+---------+-------
